 Dungeon Crawl Stone Soup version 0.32-a0-450-g080537f31e (webtiles) character file.

Game seed: 13128887526649091235

4867 backslashecho the Grappler (level 10, -1/130 (144) HPs)
             Began as a Troll Summoner on Feb 23, 2024.
             Was a Believer of Trog.
             Slain by a wight
             ... wielding a +2 halberd of freezing
              (2 damage)
             ... on level 8 of the Dungeon.
             The game lasted 00:14:44 (6195 turns).

backslashecho the Grappler (Troll Summoner)         Turns: 6195, Time: 00:14:45

HP:   -1/130 (144)  AC:  2    Str: 24    XL:     10   Next: 26%
MP:   10/10         EV: 14    Int: 11    God:    Trog [**....]
Gold: 369           SH:  0    Dex: 14    Spells: 11/11 levels left

rFire   . .          .
                       - Unarmed
rCold   . . .        (shield currently unavailable)
rNeg    . . .        a - melded +0 troll leather armour
rPois   .            (helmet restricted)
rElec   .            (no cloak)
rCorr   .            (gloves unavailable)
SInv    .            (boots unavailable)
Will    .....        s - amulet of the acrobat Stlth
                     G - +6 ring of strength
HPRegen 1.21/turn    (no ring)
MPRegen 0.12/turn

%: acrobat
@: berserking, flux-form, glowing, drained, very quick
A: glow, contaminating, large, unfitting armour, claws 3, regeneration 1, shaggy
fur 1, tough skin 1
a: Begin Untransformation, Renounce Religion, Berserk, Trog's Hand


You were on level 8 of the Dungeon.
You worshipped Trog.
Trog was pleased with you.
You were something dangerously unstable.
You visited 2 branches of the dungeon, and saw 9 of its levels.

You collected 369 gold pieces.

Inventory:

Hand Weapons
 r - a +1 whip of draining
 z - a +1 short sword of electrocution
Missiles
 g - 29 poisoned darts (quivered)
Armour
 a - a +0 troll leather armour (melded)
 F - +0 steam dragon scales
Jewellery
 d - a ring of ice
 s - an amulet of the acrobat (around neck)
 E - a ring of fire
 G - a +6 ring of strength (left claw)
Talismans
 h - a flux talisman (active)
 H - a blade talisman
Wands
 t - a wand of roots (26)
 u - a wand of mindburst (11)
 x - a wand of flame (21)
 A - a wand of paralysis (7)
Scrolls
 c - 3 scrolls of fog
 e - 3 scrolls of noise
 k - 5 scrolls of teleportation
 l - 3 scrolls of torment
 n - a scroll of blinking
 q - a scroll of fear {unknown}
 v - 8 scrolls of identify {unknown}
 y - a scroll of enchant armour {unknown}
 B - 3 scrolls of poison {unknown}
Potions
 b - a potion of magic
 f - 4 potions of curing
 m - 2 potions of brilliance {unknown}
 o - 2 potions of resistance {unknown}
 w - a potion of ambrosia {unknown}
 C - a potion of cancellation {unknown}
 D - 2 potions of attraction {unknown}


   Skills:
 + Level 5.5 Fighting
 + Level 2.0 Dodging
 - Level 1.0 Stealth
 + Level 10.9 Unarmed Combat
 - Level 1.2 Spellcasting
 - Level 2.9 Summonings
 + Level 7.1 Shapeshifting


You had 11 spell levels left.
You didn't know any spells.
Your spell library contained the following spells:

 Spells                   Type           Power      Damage    Failure   Level
 Summon Small Mammal      Summ           28%        N/A       10%         1
 Call Imp                 Summ           14%        N/A       14%         2
 Call Canine Familiar     Summ           7%         N/A       28%         3
 Frozen Ramparts          Ice            0%         1d1       67%         3
 Inner Flame              Hex/Fire       0%         N/A       67%         3
 Summon Blazeheart Golem  Fire/Summ      3%         N/A       86%         4
 Summon Lightning Spire   Summ/Air       3%         N/A       86%         4
 Flame Wave               Conj/Fire      0%         2d4       97%         4
 Leda's Liquefaction      Alch/Erth      0%         N/A       97%         4
 Petrify                  Alch/Erth      0%         N/A       97%         4
 Sticky Flame             Fire/Alch      0%         2d4       97%         4
 Metabolic Englaciation   Hex/Ice        0%         N/A       100%        5


Dungeon Overview and Level Annotations

Branches:
Dungeon (8/15)             Temple (1/1) D:5
   Lair: D:8-11

Altars:
Cheibriados
Dithmenos
Fedhas
Hepliaklqana
Makhleb
Nemelex Xobeh
Okawaru
Ru
Sif Muna
Trog
Uskayaw
Vehumet
Wu Jian
Xom
Yredelemnul
Zin


Innate Abilities, Weirdness & Mutations

You are something dangerously unstable.
You glow with magical radiation, making you easy to see and hit.
Foes you strike become dangerously contaminated with magical radiation.
You are incapable of wielding weapons or throwing items.
You are too large for most types of armour.
You have claws for hands.
Your natural rate of healing is unusually fast.
You are covered in fur. (AC +1)
You have tough skin. (AC +1)


Message History

You take 9 damage, and have 63/96 hp.
You completely miss the wight. You claw the wight!
The wight begins to glow.
The wight is severely damaged.
The wight closely misses you.
You claw the wight!
You destroy the wight!
Trog accepts your kill.
Your Dodging skill increases to level 2!
You claw the wight!
The wight begins to glow.
The wight is severely damaged.
The wight hits you with a +3 long sword of freezing!
You feel drained. The wight freezes you. The wight closely misses you.
You take 18 damage, and have 47/93 hp.
You mangle the wight!!
You destroy the wight!
Trog accepts your kill. The wight misses you.
The wight hits you from afar with a +3 halberd!
You feel drained.
The wight hits you with a +2 halberd of freezing!
* * * LOW HITPOINT WARNING * * *
The wight freezes you.
* * * LOW HITPOINT WARNING * * *
Items here: ))) [[[.
You take 24 damage, and have 24/92 hp.
MASSIVE DAMAGE!!
You are too injured to fight recklessly!
You are too injured to fight recklessly!
A red film seems to cover your vision as you go berserk!
You feel yourself moving faster!
You feel mighty!
The wight hits you from afar with a +3 halberd!
* * * LOW HITPOINT WARNING * * *
You feel drained.
* * * LOW HITPOINT WARNING * * *
The wight hits you with a +2 halberd of freezing.
* * * LOW HITPOINT WARNING * * *
You feel drained.
* * * LOW HITPOINT WARNING * * *
The wight freezes you.
* * * LOW HITPOINT WARNING * * *
You claw the wight!
The wight begins to glow.
The wight is heavily damaged.
You now have 6/130 hp.
You barely miss the wight.
The wight is heavily damaged.
The wight closely misses you.
The wight hits you with a +2 halberd of freezing.
* * * LOW HITPOINT WARNING * * *
The wight freezes you.
You die...

,,,***####,* ##.###
,,,,,,.....###..#
,,,*,,...zz....##
,,,*,**######z.#
,***,* #..# ** *,*
###z## *,* #$..# *,*
***#.#.######
****,***,...#.zzp..#
,,,,,**..##*#.####.#
******..****###***.#
,,,>,,.,,,,,,,,,,,.#
**,***********,***##
,,,* *,* **** *,*
***+*** *,,,,,*


You could see 2 wights.

Vanquished Creatures
  Pikel (D:5)
  Maggie (D:6)
  2 trolls (D:7)
  A hornet (D:7)
  Prince Ribbit (D:7)
  A shadow (D:7)
  3 steam dragons
  2 water moccasins (D:7)
  2 ice beasts
  An orc warrior (D:7)
  5 sky beasts (D:7)
  3 black bears
  An ogre (D:5)
  A lemure (D:5)
  A phantom (D:6)
  2 kobold brigands
  2 bullfrogs
  3 scorpions (D:5)
  3 wights (D:8)
  A howler monkey (D:6)
  A bombardier beetle (D:7)
  A hound (D:5)
  4 jellies
  An orc priest (D:6)
  5 sleepcaps
  Ijyb (D:3)
  4 iguanas
  6 orc wizards
  Robin (D:3)
  A gnoll (D:1)
  10 adders
  A white imp (D:6)
  5 dart slugs
  3 ribbon worms
  14 orcs
  A bat (D:1)
  5 endoplasms
  A giant cockroach (D:2)
  12 goblins
  6 hobgoblins
  8 kobolds
  9 quokkas
  7 ball pythons
  2 frilled lizards
  6 rats
152 creatures vanquished.

Vanquished Creatures (others)
  An orc (D:6)
1 creature vanquished.

Grand Total: 153 creatures vanquished

Notes
Turn   | Place    | Note
-------+----------+-------------------------------------------
     0 | D:1      | backslashecho the Troll Summoner began the quest for the
                  | Orb.
     0 | D:1      | Reached XP level 1. HP: 16/16 MP: 1/1
   106 | D:1      | Reached skill level 1 in Unarmed Combat
   143 | D:1      | Reached XP level 2. HP: 26/26 MP: 2/2
   405 | D:1      | Found a faded altar of an unknown god.
   672 | D:1      | Reached skill level 1 in Fighting
   672 | D:1      | Reached skill level 2 in Unarmed Combat
   672 | D:1      | Reached XP level 3. HP: 22/33 MP: 3/3
  1745 | D:3      | Reached skill level 3 in Unarmed Combat
  1745 | D:3      | Reached XP level 4. HP: 30/41 MP: 4/4
  1945 | D:3      | Found a sacrificial altar of Ru.
  2044 | D:3      | Noticed Robin
  2050 | D:3      | Killed Robin
  2123 | D:3      | Reached XP level 5. HP: 47/47 MP: 5/5
  2179 | D:3      | Noticed Ijyb
  2202 | D:3      | Killed Ijyb
  2203 | D:3      | Reached skill level 4 in Unarmed Combat
  2785 | D:4      | Found a blossoming altar of Fedhas.
  2887 | D:4      | Reached XP level 6. HP: 59/59 MP: 6/6
  3421 | D:5      | Entered Level 5 of the Dungeon
  3433 | D:5      | Reached skill level 5 in Unarmed Combat
  3596 | D:5      | Reached XP level 7. HP: 61/67 MP: 7/7
  3613 | D:5      | Noticed Pikel
  3639 | D:5      | Killed Pikel
  3640 | D:5      | Reached skill level 7 in Unarmed Combat
  3657 | D:5      | Reached XP level 8. HP: 33/78 MP: 8/8
  3726 | D:5      | Found a staircase to the Ecumenical Temple.
  3742 | Temple   | Entered the Ecumenical Temple
  3755 | Temple   | Became a worshipper of Trog the Wrathful
  3999 | D:5      | Reached skill level 8 in Unarmed Combat
  4347 | D:6      | Found a shimmering altar of Xom.
  4422 | D:6      | Found a sparkling altar of Nemelex Xobeh.
  4508 | D:6      | Noticed Maggie
  4516 | D:6      | Killed Maggie
  4517 | D:6      | Reached skill level 5 in Fighting
  4517 | D:6      | Reached skill level 9 in Unarmed Combat
  4531 | D:6      | Reached * piety under Trog
  4719 | D:6      | Reached skill level 1 in Shapeshifting
  4876 | D:6      | Reached XP level 9. HP: 88/88 MP: 9/9
  5160 | D:7      | Noticed a troll
  5378 | D:7      | Noticed a troll
  5391 | D:7      | Killed a troll
  5392 | D:7      | Reached skill level 10 in Unarmed Combat
  5450 | D:7      | Reached skill level 5 in Shapeshifting
  5653 | D:7      | Reached ** piety under Trog
  5716 | D:7      | Reached XP level 10. HP: 96/96 MP: 10/10
  5988 | D:7      | Noticed Prince Ribbit
  5992 | D:7      | Killed Prince Ribbit
  6193 | D:8      | HP: 5/130 [wight/+2 halberd of freezing (2)]
  6195 | D:8      | HP: 1/130 [wight/+2 halberd of freezing (5)]
  6195 | D:8      | Slain by a wight

Illustrated notes

Levels and vault maps discovered:
D:1:      psy_arrival_wood_between_worlds, layout_loops_ring,
          basic_ecumenical_altar, roderic_serpentine_path
D:2:      layout_basic, dreamdust_wishing_well, interstate_on_off
D:3:      layout_loops_ring, lemuel_crystal_altar, moated_statue, uniq_robin,
          uniq_ijyb
D:4:      layout_layer_cave, mainiacjoe_overflow_cross_hatched
D:5:      layout_loops_cross, minmay_temple_entry_tees, uniq_pikel
D:6:      layout_gridville, general_overflow_altar, xom_teletrap_fun,
          uniq_maggie
D:7:      cheibrodos_barr_body, layout_basic, uniq_prince_ribbit1
D:8:      layout_basic, tso_oasis_becter, enter_bailey_7, minmay_crystal_room,
          uniq_jeremiah
Temple:   nicolae_temple_ecumenical_triangle

Skill      XL: |  1  2  3  4  5  6  7  8  9 10 |
---------------+-------------------------------+-----
Unarmed Combat | 1 2 3 4 5 7 9 10 | 10.9
Fighting       | 1 2 3 4 5 |  5.5
Shapeshifting  | 1 6 7 |  7.1
Dodging        | 2 |  2.0
Stealth        | |  1.0
Spellcasting   | |  1.2
Summonings     | |  2.9

Action                     |  1- 3 |  4- 6 |  7- 9 | 10-12 || total
---------------------------+-------+-------+-------+-------++-------
  Melee: Unarmed           |   114 |   124 |   200 |    32 ||   470
         Punch             |     1 |     4 |     9 |     1 ||    15
  Throw: Dart              |     2 |     1 |     3 |     5 ||    11
         Throwing net      |       |       |     1 |       ||     1
 Invoke: Berserk           |       |       |     2 |     2 ||     4
  Evoke: Wand              |       |       |     3 |       ||     3
    Use: Potion            |       |     1 |     3 |       ||     4
         Scroll            |       |       |       |     8 ||     8
   Stab: Sleeping          |     2 |     3 |     3 |     1 ||     9
         Held in net/web   |       |       |     1 |       ||     1
 Armour: Robe              |    59 |    68 |    60 |       ||   187
         Troll leather arm |       |       |    35 |     9 ||    44
         Steam dragon scal |       |       |     3 |       ||     3
         Skin              |       |       |       |    15 ||    15
  Dodge: Dodged            |    46 |    47 |    76 |    22 ||   191
   Form: Flux              |       |       |       |     1 ||     1

Table legend: (Time is in decaauts)
 A = Elapsed time spent in this place.
 B = Non-inter-level travel time spent in this place.
 C = Inter-level travel time spent in this place.
 D = Time resting spent in this place.
 E = Time spent auto-exploring this place.
 F = Levels seen in this place.
 G = Mean time per level.
                   A        B        C        D        E       F      G
               +--------+--------+--------+--------+--------+-----+--------+
         Total |   6182 |   5593 |    589 |    248 |   3991 |   9 |  686.9 |
       Dungeon |   6159 |   5591 |    568 |    248 |   3991 |   8 |  769.9 |
        Temple |     22 |      1 |     21 |      0 |      0 |   1 |   22.0 |
               +--------+--------+--------+--------+--------+-----+--------+

Top non-repeatable levels by time:
     D:4: 1001 daAuts
     D:7: 996 daAuts
     D:6: 927 daAuts
     D:1: 889 daAuts
     D:2: 778 daAuts
     D:5: 750 daAuts
     D:3: 741 daAuts
     D:8: 75 daAuts
  Temple: 22 daAuts
